 Seeded DCSS version 0.29.1-1-gd02db6906a (webtiles) character file.

Game seed: 1050451780467462564 (custom seed)

5 GigaChad the Trooper (level 1, 0/18 HPs)
             Began as a Demonspawn Berserker on Sept 19, 2022.
             Was a Follower of Trog.
             Slain by a bat (1 damage)
             ... on level 1 of the Dungeon.
             The game lasted 00:00:57 (114 turns).

GigaChad the Trooper (Demonspawn Berserker)          Turns: 114, Time: 00:00:57

Health: 0/18       AC:  3    Str: 17    XL:     1   Next: 66%
Magic:  1/1        EV: 12    Int:  8    God:    Trog [*.....]
Gold:   15         SH:  0    Dex: 12    Spells: 0/0 levels left

rFire   + . .      SeeInvis .   a - +0 falchion
rCold   x . .      Faith    .   (no shield)
rNeg    . . .      Spirit   .   b - +0 animal skin
rPois   .          Reflect  .   (no helmet)
rElec   .          Harm     .   (no cloak)
rCorr   .          Rampage  .   c - +0 pair of gloves "Toor" {rF+ rC- Regen+}
Will    .....                   (no boots)
Stlth   +.........              (no amulet)
HPRegen 0.86/turn               (no ring)
MPRegen 0.07/turn               (no ring)

@: no status effects
A: no striking features
a: Renounce Religion, Berserk


You were on level 1 of the Dungeon.
You worshipped Trog.
Trog was aware of your devotion.
You visited 1 branch of the dungeon, and saw 1 of its levels.

You collected 15 gold pieces.

Inventory:

Hand Weapons
 a - a +0 falchion (weapon)
Armour
 b - a +0 animal skin (worn)
 c - the +0 pair of gloves "Toor" (worn) {rF+ rC- Regen+}
   (You acquired it on level 1 of the Dungeon)

   rF:        It protects you from fire.
   rC:        It makes you vulnerable to cold.
   Regen:     It increases your rate of health regeneration.


   Skills:
 + Level 3.2 Fighting
 + Level 2.8 Long Blades
 + Level 1.8 Armour
 + Level 1.8 Dodging


You couldn't memorise any spells.
You didn't know any spells.
Your spell library was empty.

Dungeon Overview and Level Annotations

Branches:
Dungeon (1/15)

Altars:


Message History

The kobold hits you with a +0 club. The jackal closely misses you.
The quokka bites you.
* * * LOW HITPOINT WARNING * * *
You barely miss the kobold. The bat hits you.
* * * LOW HITPOINT WARNING * * *
The bat hits you.
* * * LOW HITPOINT WARNING * * *
The bat hits you but does no damage. The jackal barely misses you.
The kobold barely misses you. The bat hits you but does no damage.
The bat misses you. The quokka barely misses you.
You barely miss the kobold. The bat hits you but does no damage. x2
The jackal closely misses you. The kobold misses you.
The quokka barely misses you.
The jackal bites you but does no damage.
The kobold closely misses you.
You hit the kobold.
The kobold is heavily wounded.
The bat closely misses you. The bat hits you but does no damage.
The quokka completely misses you.
The jackal bites you but does no damage.
The bat barely misses you. The kobold barely misses you. The quokka bites you.
* * * LOW HITPOINT WARNING * * *
The jackal closely misses you.
You slash the kobold!
You kill the kobold!
Trog accepts your kill. The bat hits you but does no damage.
The bat closely misses you. The bat hits you but does no damage.
The jackal barely misses you.
The quokka bites you but does no damage.
You barely miss the jackal. The bat misses you. The bat barely misses you.
The jackal barely misses you.
The jackal bites you but does no damage.
The quokka barely misses you.
The jackal pauses to sniff the ground.
The jackal closely misses you. The jackal barely misses you.
You completely miss the jackal. The bat barely misses you.
The quokka bites you.
* * * LOW HITPOINT WARNING * * *
The bat hits you.
You die...

#.....#
.#...##.####$
#.....#
...........
#.##..# .........
. #.###.#
...#.!##.. ##..#
..# #.........
..#.# ..##
###.#....... ..#.#
.##. #gJw.....#
..#.###
#..###hrb##...#
..#...#
.##....h@### .....
..###.##.....##bb#
....
.........##.....##
..!
..###.####..##..#
##
........##...#..#
...........#...##
..###......(...#.
### ##.##........#
#############


You could see a dart slug, an endoplasm, a quokka, 2 jackals, a goblin and 3
bats.

Vanquished Creatures
  An endoplasm (D:1)
  2 giant cockroaches (D:1)
  A kobold (D:1)
4 creatures vanquished.

Notes
Turn   | Place    | Note
-------+----------+-------------------------------------------
     0 | D:1      | GigaChad the Demonspawn Berserker began the quest for the
                  | Orb.
     0 | D:1      | Reached XP level 1. HP: 18/18 MP: 1/1
     4 | D:1      | Identified a scroll of acquirement
     4 | D:1      | Acquired the +0 pair of gloves "Toor" {rF+ rC- Regen+}
   114 | D:1      | Slain by a bat

Illustrated notes

Levels and vault maps discovered:
D:1:      nicolae_arrival_memento_mori, layout_rooms, minmay_crystal_water

Action                   || total
-------------------------++-------
Melee: Falchion          ||    27
  Use: Scroll            ||     1
Armor: Animal skin       ||    38
Dodge: Dodged            ||    88
